 Dungeon Crawl Stone Soup version 0.28-a0-773-g130ae17fe5 (webtiles) character file.

Game seed: 17859759343497715059

5997 horus123 the Destroyer (level 10, -2/50 HPs)
             Began as a Deep Elf Conjurer on Nov 1, 2021.
             Was a Priest of Sif Muna.
             Slain by Erica (3 damage)
             ... on level 9 of the Dungeon.
             The game lasted 00:28:06 (8939 turns).

horus123 the Destroyer (Deep Elf Conjurer)          Turns: 8939, Time: 00:28:08

Health: -2/50      AC:  4    Str:  5    XL:     10   Next: 55%
Magic:  5/23       EV: 16    Int: 26    God:    Sif Muna [***...]
Gold:   300        SH:  0    Dex: 13    Spells: 1/24 levels left

rFire   . . .      SeeInvis .   c - +3 short sword (drain)
rCold   . . .      Faith    .   (no shield)
rNeg    . . .      Spirit   .   a - +2 robe
rPois   .          Reflect  .   (no helmet)
rElec   .          Harm     .   (no cloak)
rCorr   .          Rampage  .   (no gloves)
Will    +....                   (no boots)
Stlth   +.........              j - amulet of regeneration
HPRegen 1.16/turn               i - +4 ring of evasion
MPRegen 0.18/turn               (no ring)

@: confused, lethally poisoned (-2 -> -4), ambrosia-drunk, very slightly
contaminated
A: no striking features
a: Renounce Religion, Channel Magic, Forget Spell


You were on level 9 of the Dungeon.
You worshipped Sif Muna.
Sif Muna was most pleased with you.
You visited 1 branch of the dungeon, and saw 9 of its levels.

You collected 475 gold pieces.
You spent 175 gold pieces at shops.

Inventory:

Hand Weapons
 c - a +3 short sword of draining (weapon)
 s - the +10 mace of Tension {protect, rElec Str-3 Int+2}
   (You found it on level 5 of the Dungeon)

   It grants its wielder temporary protection when it strikes (+7 to AC).
   Str:       It affects your strength (-3).
   Int:       It affects your intelligence (+2).
   rElec:     It insulates you from electricity.
Missiles
 g - 2 throwing nets
Armour
 a - a +2 robe (worn)
 b - +1 swamp dragon scales
Magical Staves
 h - a staff of fire
Jewellery
 i - a +4 ring of evasion (left hand)
 j - an amulet of regeneration (around neck)
 o - an amulet of the acrobat
Wands
 k - a wand of charming (11)
 y - a wand of iceblast (3)
Scrolls
 f - 4 scrolls of teleportation
 p - a scroll of enchant armour
 t - a scroll of silence
 u - a scroll of fog
 w - 2 scrolls of summoning
 z - a scroll of identify
Potions
 d - 2 potions of flight
 e - 2 potions of attraction {unknown}
 l - a potion of mutation {unknown}
 m - 3 potions of might {unknown}
 n - 2 potions of berserk rage {unknown}
 q - 3 potions of curing {unknown}
 r - a potion of invisibility {unknown}
 x - a potion of lignification {unknown}


   Skills:
 - Level 2.9 Maces & Flails
 - Level 2.5 Dodging
 - Level 2.5 Stealth
 - Level 7.6 Spellcasting
 - Level 11.1 Conjurations
 - Level 2.6 Hexes
 + Level 8.9 Air Magic
 - Level 6.7 Invocations


You had one spell level left.
You knew the following spells:

 Your Spells              Type           Power      Damage    Failure   Level
a - Magic Dart            Conj           100%       1d8       1%          1
b - Searing Ray           Conj           100%       2d8       1%          2
c - Dazzling Flash        Conj/Hex       90%        N/A       1%          3
d - Static Discharge      Conj/Air       58%        N/A       1%          2
e - Lightning Bolt        Conj/Air       29%        1d45      2%          5
f - Conjure Ball Lightni  Conj/Air       29%        3x3d8     16%         6
g - Slow                  Hex            92%        N/A       1%          1
h - Stone Arrow           Conj/Erth      76%        3d11      1%          3

Your spell library contained the following spells:

 Spells                   Type           Power      Damage    Failure   Level
 Apportation              Tloc           18%        N/A       6%          1
 Sandblast                Erth           18%        2d7       6%          1
 Mephitic Cloud           Conj/Pois/Air  44%        N/A       1%          3
 Fulminant Prism          Conj/Hex       22%        3d13      3%          4
 Confusing Touch          Hex            23%        N/A       6%          3
 Iskenderun's Mystic Bla  Conj/Tloc      38%        2d9       6%          4
 Call Imp                 Summ           9%         N/A       9%          2
 Passwall                 Tmut/Erth      7%         N/A       9%          2
 Gell's Gravitas          Tloc           9%         N/A       19%         3
 Lesser Beckoning         Tloc           9%         N/A       19%         3
 Teleport Other           Tloc           9%         N/A       19%         3
 Yara's Violent Unravell  Hex/Tmut       8%         3d5       67%         5
 Summon Forest            Summ/Tloc      4%         N/A       86%         5
 Storm Form               Tmut/Air       16%        N/A       100%        7
 Maxwell's Capacitive Co  Air            27%        ∞         100%        8


Dungeon Overview and Level Annotations

Branches:
Dungeon (9/15)             Temple (0/1) D:5
   Lair: D:8-11         Orc: D:9-12

Altars:
Elyvilon
Kikubaaqudgha
Ru
Sif Muna
Wu Jian
Xom
The Shining One

Shops:
D:8 ?   D:9 ?[

Annotations:
D:9 Erica


Message History

Erica is moderately wounded.
The basilisk hisses angrily.
You miscast Stone Arrow.
You are very lightly contaminated with residual magic.
Nothing appears to happen.
Erica zaps a wand.
You hear a grinding noise.
The stone arrow hits Erica!
Erica is heavily wounded.
The stone arrow hits Erica!
Erica is heavily wounded.
The basilisk gazes at you.
You easily resist.
The stone arrow hits Erica!
Erica is severely wounded.
The stone arrow misses Erica.
Erica gestures at you while chanting. The bolt of poison hits you!!
You are poisoned.
Casting: Stone Arrow (safe; 1% risk of failure)
Confirm with . or Enter, or press ? or * to list all spells.
Aiming: Lightning Bolt (dangerous; 2% risk of failure)
Press: ? - help, Shift-Dir - straight line, p - Erica You hear a mighty clap of thunder!
The bolt of lightning misses Erica.
You feel very sick.
You hear an angry hiss. x2
Erica hits you with a +4 scimitar of flaming!!
* * * LOW HITPOINT WARNING * * *
Erica burns you.
* * * LOW HITPOINT WARNING * * *
Casting: Lightning Bolt (dangerous; 2% risk of failure)
Confirm with . or Enter, or press ? or * to list all spells.
You don't have enough magic to cast this spell.
You are confused.
You feel invigorated.
You feel sick.
The basilisk hisses menacingly.
Erica hits you with a +4 scimitar of flaming!
* * * LOW HITPOINT WARNING * * *
Erica burns you.
You die...

###### . ####.##.## ##..#
#........###l..#
#.#######.@@# #.# ##### #.#
##.# #..######### #########
#####
#..........###...#†..###.'..
#........#...'.#.#.#†##..#..
#........#####.#...#.'..##..
#........# #∩..#####.#####..


You could see Erica and a basilisk.

Vanquished Creatures
  Harold (D:8)
  Pikel (D:7)
  A deep elf pyromancer (D:7)
  3 centaur zombies
  Maggie (D:7)
  Prince Ribbit (D:7)
  5 slime creatures (D:8)
  A wyvern (D:7)
  A steam dragon (D:6)
  A sky beast (D:6)
  An ice beast (D:8)
  2 orc warriors
  4 ogres
  2 necrophages (D:6)
  A centaur (D:5)
  3 lemures (D:7)
  A gnoll sergeant (D:8)
  3 scorpions
  A bullfrog (D:6)
  A water moccasin zombie (D:7)
  3 wights (D:8)
  2 howler monkeys (D:9)
  3 hounds
  4 gnoll shamans
  4 jellies
  A centaur skeleton (D:6)
  3 orc priests
  Jessica (D:3)
  3 iguanas
  3 orc wizards (D:9)
  A killer bee zombie (D:7)
  3 hound skeletons
  A howler monkey zombie (D:8)
  20 gnolls
  2 adders
  A shadow imp (D:7)
  An ufetubus (D:4)
  18 orcs
  4 ball pythons
  5 endoplasms
  2 giant cockroaches
  4 hobgoblins
  8 jackals
  8 kobolds
  4 quokkas
  4 bats
  2 frilled lizards
  5 goblins
  5 rats
160 creatures vanquished.

Notes
Turn   | Place    | Note
-------+----------+-------------------------------------------
     0 | D:1      | horus123 the Deep Elf Conjurer began the quest for the Orb.
     0 | D:1      | Reached XP level 1. HP: 10/10 MP: 6/6
   337 | D:1      | Reached XP level 2. HP: 15/15 MP: 6/8
   343 | D:1      | Learned a level 2 spell: Searing Ray
   613 | D:1      | Reached skill level 5 in Conjurations
   765 | D:1      | Found a faded altar of an unknown god.
   829 | D:1      | Prayed at the altar of an unknown god.
   829 | D:1      | Became a worshipper of Sif Muna the Loreminder
   829 | D:1      | Reached * piety under Sif Muna
  1406 | D:2      | Found an ancient bone altar of Kikubaaqudgha.
  1597 | D:2      | Reached XP level 3. HP: 19/19 MP: 7/9
  1601 | D:2      | Learned a level 3 spell: Dazzling Flash
  1820 | D:2      | Learned a level 2 spell: Static Discharge
  1955 | D:3      | Reached skill level 1 in Invocations
  2410 | D:3      | Noticed Jessica
  2414 | D:3      | Killed Jessica
  2415 | D:3      | Reached XP level 4. HP: 24/24 MP: 4/10
  3131 | D:4      | Reached skill level 1 in Hexes
  3284 | D:4      | Reached XP level 5. HP: 28/28 MP: 2/11
  3463 | D:4      | Reached ** piety under Sif Muna
  4011 | D:4      | Found a white marble altar of Elyvilon.
  4071 | D:4      | Reached skill level 5 in Spellcasting
  4341 | D:5      | Entered Level 5 of the Dungeon
  4344 | D:5      | Identified the +10 mace of Tension {protect, rElec Str-3
                  | Int+2}
  4359 | D:5      | Reached XP level 6. HP: 32/32 MP: 1/16
  4577 | D:5      | Found a shimmering altar of Xom.
  4945 | D:5      | Found a staircase to the Ecumenical Temple.
  5010 | D:5      | Reached XP level 7. HP: 28/36 MP: 11/20
  5140 | D:5      | Reached skill level 5 in Invocations
  5282 | D:6      | Learned a level 5 spell: Lightning Bolt
  5426 | D:6      | Reached XP level 8. HP: 35/41 MP: 13/21
  5708 | D:6      | Found an ornate altar of the Wu Jian Council.
  5893 | D:6      | Reached skill level 5 in Air Magic
  6078 | D:6      | Noticed a spectral centipede
  6078 | D:6      | Noticed a spectral black mamba
  6416 | D:7      | Noticed Pikel
  6431 | D:7      | Reached skill level 6 in Conjurations
  6431 | D:7      | Killed Pikel
  6432 | D:7      | Reached skill level 8 in Conjurations
  6432 | D:7      | Reached XP level 9. HP: 39/45 MP: 17/22
  6525 | D:7      | Noticed a deep elf pyromancer
  6528 | D:7      | Killed a deep elf pyromancer
  6529 | D:7      | Reached skill level 9 in Conjurations
  6529 | D:7      | Noticed Maggie
  6542 | D:7      | Killed Maggie
  6580 | D:7      | Noticed Prince Ribbit
  6625 | D:7      | Killed Prince Ribbit
  6665 | D:7      | Reached *** piety under Sif Muna
  6878 | D:7      | Reached skill level 1 in Maces & Flails
  6990 | D:7      | Found a glowing golden altar of the Shining One.
  7148 | D:7      | Got the Handbook of Dislocation and Weightlessness
  7162 | D:7      | Learned a level 6 spell: Conjure Ball Lightning
  7383 | D:8      | Reached XP level 10. HP: 50/50 MP: 15/23
  7664 | D:8      | Reached skill level 10 in Conjurations
  7745 | D:8      | Found a sacrificial altar of Ru.
  7801 | D:8      | Reached skill level 11 in Conjurations
  7936 | D:8      | Noticed Harold
  7943 | D:8      | Killed Harold
  8414 | D:8      | Found Akhaorri's Magic Scroll Shop.
  8421 | D:8      | Bought a scroll of summoning for 133 gold pieces
  8421 | D:8      | Bought a scroll of teleportation for 42 gold pieces
  8646 | D:9      | Reached **** piety under Sif Muna
  8651 | D:9      | Learned a level 1 spell: Slow
  8655 | D:9      | Learned a level 3 spell: Stone Arrow
  8851 | D:9      | Found Ucsufuiff's Armour Shoppe.
  8854 | D:9      | Found Girphiyrcheqy's Magic Scroll Shoppe.
  8930 | D:9      | Noticed Erica
  8939 | D:9      | HP: 1/50 [Erica (10)]
  8939 | D:9      | Slain by Erica

Illustrated notes

Levels and vault maps discovered:
D:1:      mushboom_english_gardens, layout_basic,
          hellmonk_ecumenical_altar_pennies_from_heaven, dk_noncrumbling_4,
          nrook_mini_vaults, minivault_24, hangedman_decor_clover_reticule,
          hangedman_feature_mirror, nrook_mini_backslash
D:2:      layout_basic, basic_altar, amethyst_killhole
D:3:      layout_basic, serial_glass, glass_columns_c, glass_columns_a,
          chequers_decorated_corner, uniq_jessica
D:4:      layout_basic, lemuel_round_altar
D:5:      layout_basic, nicolae_overflow_crystal_walls,
          minmay_temple_entry_fiery
D:6:      layout_basic, pdpol_wu_jian_five_deadly_venoms, st_stairs_5,
          grunt_ministairs_1
D:7:      layout_gridville, general_overflow_altar, uniq_pikel, uniq_maggie,
          uniq_prince_ribbit1
D:8:      layout_gridville, mainiacjoe_overflow_alcove_1, serial_shops,
          nicolae_stop_n_shop_1, uniq_harold
D:9:      layout_roguey, nicolae_overflow_quartered_altars, erik_lair_dragon,
          serial_shops, shop_fountains, shop, kennysheep_mini, shop,
          kennysheep_mini_moat, uniq_erica

Skill      XL: |  1  2  3  4  5  6  7  8  9 10 |
---------------+-------------------------------+-----
Conjurations   | 5 8 9 11 | 11.1
Invocations    | 2 3 4 6 |  6.7
Hexes          | 2 |  2.6
Spellcasting   | 5 7 |  7.6
Air Magic      | 3 5 7 8 |  8.9
Maces & Flails | 2 |  2.9
Dodging        | |  2.5
Stealth        | |  2.5

Action                   |  1- 3 |  4- 6 |  7- 9 | 10-12 || total
-------------------------+-------+-------+-------+-------++-------
Melee: Short sword       |     5 |    15 |     4 |       ||    24
       Mace              |       |       |     2 |     7 ||     9
 Cast: Magic Dart        |    60 |    48 |    52 |    18 ||   178
       Searing Ray       |     1 |    16 |    35 |    13 ||    65
       Static Discharge  |       |       |     4 |       ||     4
       Lightning Bolt    |       |       |     9 |    15 ||    24
       Stone Arrow       |       |       |       |    16 ||    16
Invok: Channel Magic     |       |       |     1 |     1 ||     2
  Use: Scroll            |     2 |     8 |     3 |     1 ||    14
       Potion            |       |       |     2 |     3 ||     5
 Stab: Sleeping          |     1 |     1 |       |       ||     2
Armor: Robe              |     1 |     7 |    14 |     4 ||    26
Dodge: Dodged            |    16 |    36 |    65 |    23 ||   140

Table legend: (Time is in decaauts)
 A = Elapsed time spent in this place.
 B = Non-inter-level travel time spent in this place.
 C = Inter-level travel time spent in this place.
 D = Time resting spent in this place.
 E = Time spent auto-exploring this place.
 F = Levels seen in this place.
 G = Mean time per level.
                   A        B        C        D        E       F      G
               +--------+--------+--------+--------+--------+-----+--------+
         Total |   8945 |   8745 |    200 |   1441 |   6314 |   9 |  993.9 |
       Dungeon |   8945 |   8745 |    200 |   1441 |   6314 |   9 |  993.9 |
               +--------+--------+--------+--------+--------+-----+--------+

Top non-repeatable levels by time:
     D:4: 1275 daAuts
     D:8: 1223 daAuts
     D:6: 1193 daAuts
     D:2: 1079 daAuts
     D:1: 1053 daAuts
     D:7: 965 daAuts
     D:3: 937 daAuts
     D:5: 862 daAuts
     D:9: 356 daAuts
